 Dungeon Crawl Stone Soup version 0.25-a0-425-g0e000e855e (webtiles) character file.

Game seed: 7343991732037051535, levelgen mode: deterministic

1588 Eurus the Magician (level 8, -5/58 HPs)
             Began as a Mummy Conjurer on Jan 24, 2020.
             Slain by a two-headed ogre
             ... wielding a +0 giant spiked club
              (8 damage)
             ... on level 5 of the Dungeon.
             The game lasted 00:16:49 (6407 turns).

Eurus the Magician (Mummy Conjurer)                 Turns: 6407, Time: 00:16:50

Health: -5/58      AC:  5    Str: 12    XL:     8   Next: 61%
Magic:  11/19      EV: 13    Int: 16    God:
Gold:   147        SH:  0    Dex: 12    Spells: 19/22 levels left

rFire    x . .     SeeInvis .   r - +3 quarterstaff (chaos)
rCold    + . .     Gourm    .   (shield currently unavailable)
rNeg     + + +     Faith    .   a - +0 robe
rPois    ∞         Spirit   .   m - +0 helmet
rElec    .         Reflect  .   j - +0 cloak
rCorr    .         Harm     .   t - +0 pair of gloves
MR       +....                  (no boots)
Stlth    ++........             p - amulet of regeneration
HPRegen  0.59/turn              (no ring)
MPRegen  0.16/turn              (no ring)

@: no status effects
A: no food or potions, fire vulnerability, cold resistance 1, negative energy
resistance 3, torment resistance, unbreathing
a: no special abilities


You were on level 5 of the Dungeon.
You were not hungry.

You visited 2 branches of the dungeon, and saw 6 of its levels.

You collected 147 gold pieces.

Inventory:

Hand Weapons
 r - a +3 quarterstaff of chaos (weapon)
Armour
 a - a +0 robe (worn)
 j - a +0 cloak (worn)
 m - a +0 helmet (worn)
 t - a +0 pair of gloves (worn)
Jewellery
 n - an uncursed ring of protection from fire {unknown}
 p - an amulet of regeneration (around neck)
 s - an uncursed ring of resist corrosion {unknown}
Wands
 q - a wand of flame (23)
Scrolls
 b - a scroll of vulnerability {unknown}
 c - 4 scrolls of teleportation
 d - 2 scrolls of noise {unknown}
 e - a scroll of magic mapping {unknown}
 f - 2 scrolls of fog {unknown}
 g - 3 scrolls of remove curse {unknown}
 h - 4 scrolls of identify {unknown}
 i - a scroll of immolation {unknown}
 k - 2 scrolls of blinking {unknown}
 l - 2 scrolls of random uselessness {unknown}
 o - 2 scrolls of enchant weapon {unknown}
 u - a scroll of amnesia {unknown}


   Skills:
 - Level 3.2 Fighting
 + Level 4.1 Staves
 - Level 3.0 Dodging
 - Level 1.5 Stealth
 + Level 7.5 Spellcasting
 + Level 5.9 Conjurations


You had 19 spell levels left.
You knew the following spells:

 Your Spells              Type           Power        Failure   Level  Hunger
a - Magic Dart            Conj           ####         1%          1    N/A
b - Searing Ray           Conj           ####..       1%          2    N/A

Your spell library contained the following spells:

 Spells                   Type           Power        Failure   Level  Hunger
 Dazzling Flash           Conj/Hex       ###...       11%         3    N/A
 Fulminant Prism          Conj/Hex       ###.......   34%         4    N/A
 Iskenderun's Mystic Bla  Conj/Tloc      ###.....     34%         4    N/A

Dungeon Overview and Level Annotations

Branches:
Dungeon (5/15)             Temple (1/1) D:5

Altars:
Cheibriados
Dithmenos
Elyvilon
Fedhas
Kikubaaqudgha
Makhleb
Qazlal
Ru
Trog
Uskayaw
Vehumet
Wu Jian
Xom
Yredelemnul
Zin
The Shining One

Annotations:
D:4 Eustachio


Innate Abilities, Weirdness & Mutations

You do not eat or drink.
Your flesh is vulnerable to fire.
You are immune to poison.
Your flesh is cold resistant. (rC+)
You are immune to negative energy. (rN+++)
You are immune to unholy pain and torment.
You can survive without breathing.


Message History

The two-headed ogre hits you with a +0 giant club.
Casting: Searing Ray (safe; 1% risk of failure)
Confirm with . or Enter, or press ? or * to list all spells.
Aiming: Searing Ray (safe; 1% risk of failure)
Press: ? - help, Shift-Dir - straight line, f/p - two-headed ogre
Aim: a two-headed ogre, wielding a +0 giant spiked club and a +0 giant club (heavily wounded)
The searing ray hits the two-headed ogre!
The two-headed ogre is severely wounded. (Press . to maintain the ray.)
The two-headed ogre misses you.
The two-headed ogre hits you with a +0 giant club!
* * * LOW HITPOINT WARNING * * *
The searing ray hits the two-headed ogre!
The two-headed ogre is almost dead.
The searing ray hits the two-headed ogre!
The two-headed ogre is almost dead.
The two-headed ogre hits you with a +0 giant spiked club!
* * * LOW HITPOINT WARNING * * *
The two-headed ogre hits you with a +0 giant club!
You die...

.###....## #.# ##!
..#...#..## #.# #.
......#...## #.# #.
.#...###...###.###
#.
#................#
#.
...#.....#...###.#
#. .###..>..###.#
#.# ###<
...#.....#...# #.#
#.OS #...........##
#@# #...
#....###...## #O#
#..# ......#...##
#.# #..# ......#...#
#.# #..# .[......###
#.# ###..# #...##.##
#.# #########...(.
##.###.#
##†###.........#..#
##.# #.#
##..#..!..#######..#
##.# #.#
#..................#


You could see a two-headed ogre.

Vanquished Creatures
  An ice beast (D:5)
  5 ogres
  4 phantoms
  A centaur (D:5)
  A scorpion (D:5)
  A howler monkey (D:5)
  A bullfrog zombie (D:5)
  Crazy Yiuf (D:3)
  A hound (D:5)
  2 orc priests (D:4)
  4 orc wizards
  Jessica (D:3)
  Terence (D:3)
  3 worker ants
  9 adders
  An ooze (D:4)
  An adder skeleton (D:5)
  A worm (D:2)
  2 dart slugs
  5 leopard geckos
  4 orcs
  A ball python (D:4)
  3 giant cockroaches
  5 hobgoblins
  8 kobolds
  5 quokkas
  9 bats
  8 frilled lizards
  6 goblins
  12 rats
107 creatures vanquished.

Notes
Turn   | Place    | Note
-------+----------+-------------------------------------------
     0 | D:1      | Eurus the Mummy Conjurer began the quest for the Orb.
     0 | D:1      | Reached XP level 1. HP: 13/13 MP: 4/4
     2 | D:1      | Noticed a tengu
     2 | D:1      | Noticed an octopode
     4 | D:1      | Noticed a demigod
     4 | D:1      | Noticed an elf
     6 | D:1      | Noticed a troll
     6 | D:1      | Noticed a gargoyle
     8 | D:1      | Noticed a human
     8 | D:1      | Noticed a spriggan
    10 | D:1      | Noticed a halfling
    10 | D:1      | Noticed an ogre
    12 | D:1      | Noticed a felid
    12 | D:1      | Noticed a merfolk
    14 | D:1      | Noticed a demonspawn
    14 | D:1      | Noticed a naga
    16 | D:1      | Noticed a vine stalker
    16 | D:1      | Noticed a centaur
    18 | D:1      | Noticed a dwarf
    18 | D:1      | Noticed a vampire
    20 | D:1      | Noticed a draconian
    22 | D:1      | Noticed a ghoul
    24 | D:1      | Noticed a minotaur
    26 | D:1      | Noticed a formicid
   256 | D:1      | Reached XP level 2. HP: 18/20 MP: 1/5
   612 | D:1      | Reached skill level 3 in Spellcasting
   736 | D:1      | Reached skill level 1 in Fighting
  1248 | D:2      | Reached XP level 3. HP: 11/26 MP: 5/7
  1254 | D:2      | Learned a level 2 spell: Searing Ray
  1857 | D:2      | Reached XP level 4. HP: 33/33 MP: 9/9
  2346 | D:2      | Found a radiant altar of Vehumet.
  2716 | D:3      | Found a runed translucent door.
  2717 | D:3      | Noticed Crazy Yiuf
  2831 | D:3      | Noticed Terence
  2851 | D:3      | Killed Terence
  3193 | D:3      | Found a hide-covered altar of Uskayaw.
  3220 | D:3      | Reached XP level 5. HP: 38/38 MP: 6/10
  3233 | D:3      | Found a glowing golden altar of the Shining One.
  3312 | D:3      | Noticed Jessica
  3325 | D:3      | Killed Jessica
  3325 | D:3      | Reached skill level 4 in Spellcasting
  3523 | D:3      | Killed Crazy Yiuf
  3664 | D:4      | Noticed a phantom
  3705 | D:4      | Noticed an ogre
  3726 | D:4      | Noticed Eustachio
  3726 | D:4      | Noticed an ogre
  3801 | D:4      | Found a white marble altar of Elyvilon.
  3947 | D:4      | Noticed a phantom
  4055 | D:4      | Reached XP level 6. HP: 31/46 MP: 2/12
  4196 | D:4      | Reached skill level 1 in Staves
  4277 | D:4      | Found an ornate altar of the Wu Jian Council.
  4436 | D:4      | Reached skill level 5 in Spellcasting
  4436 | D:4      | Reached XP level 7. HP: 31/52 MP: 6/14
  4559 | D:4      | Found a snail-covered altar of Cheibriados.
  5325 | D:5      | Entered Level 5 of the Dungeon
  5331 | D:5      | Reached skill level 6 in Spellcasting
  5331 | D:5      | Reached skill level 5 in Conjurations
  5542 | D:5      | Reached XP level 8. HP: 30/58 MP: 13/17
  5650 | D:5      | Noticed a two-headed ogre
  5926 | D:5      | Reached skill level 7 in Spellcasting
  6021 | D:5      | Found a staircase to the Ecumenical Temple.
  6030 | Temple   | Entered the Ecumenical Temple
  6407 | D:5      | Slain by a two-headed ogre

Levels and vault maps discovered:
D:1:      kb_arrival_jail, layout_loops_ring
D:2:      layout_basic, vehumet_crystals, minmay_bisected
D:3:      layout_rooms, old_standard_altar, tso_altar, minmay_misc_feat_room,
          minmay_misc_feat_cross, minmay_close_crescents, uniq_jessica,
          uniq_terence, uniq_crazy_yiuf_cottage
D:4:      layout_basic, overflow_temple_1_default, overflow_temple_1_default,
          elyvilon_altar_4, first_ration, uniq_eustachio
D:5:      layout_loops_ring, lemuel_doored_altar, minmay_temple_entry_tees,
          serial_shops, kennysheep_mini, minmay_pentangle
Temple:   zaba_magenta_temple

Skill      XL: |  1  2  3  4  5  6  7  8 |
---------------+-------------------------+-----
Spellcasting   | 3 4 5 6 7 |  7.5
Fighting       | 1 2 3 |  3.2
Dodging        | 2 3 |  3.0
Conjurations   | 4 5 |  5.9
Staves         | 1 3 4 |  4.1
Stealth        | |  1.5

Action                   |  1- 3 |  4- 6 |  7- 9 || total
-------------------------+-------+-------+-------++-------
Melee: Dagger            |    66 |    48 |       ||   114
       Unarmed           |     1 |       |       ||     1
       Quarterstaff      |       |    33 |    30 ||    63
 Cast: Magic Dart        |    29 |    54 |    37 ||   120
       Searing Ray       |     2 |    16 |    24 ||    42
  Use: Scroll            |       |       |     1 ||     1
 Stab: Sleeping          |     3 |     3 |     1 ||     7
Armor: Robe              |    11 |    17 |    18 ||    46
Dodge: Dodged            |    40 |    67 |    44 ||   151

Table legend:
 A = Non-vault XP
 B = Vault XP
 C = Vault XP percentage of total XP
 D = Non-vault monster count
 E = Vault monster count
 F = Vault count percentage of total count
                 A         B        C        D         E       F
            +---------+---------+-------+---------+---------+-------
      Total |    2037 |     232 |  10.2 |      96 |      11 |  10.3
            +---------+---------+-------+---------+---------+-------
        D:1 |      31 |       0 |   0.0 |      22 |       0 |   0.0
        D:2 |      89 |      15 |  14.4 |      22 |       2 |   8.3
        D:3 |      28 |     119 |  81.0 |      17 |       4 |  19.0
        D:4 |     876 |       0 |   0.0 |      20 |       0 |   0.0
        D:5 |    1013 |      98 |   8.8 |      15 |       5 |  25.0
            +---------+---------+-------+---------+---------+-------
